 Dungeon Crawl Stone Soup version 0.17-a0-1521-gbe3fe00 (webtiles) character file.

2517 Chiseanne the Covered (level 9, -1/71 HPs)
             Began as a Demonspawn Wanderer on July 14, 2015.
             Slain by a gnoll
             ... wielding a +4 halberd of electrocution
              (5 damage)
             ... in a bailey.
             The game lasted 00:20:14 (7351 turns).

Chiseanne the Covered (Demonspawn Wanderer)         Turns: 7351, Time: 00:20:14

Health: -1/71      AC: 17    Str: 17    XL:     9   Next: 29%
Magic:  0/12       EV: 14    Int: 10    God:
Gold:   252        SH:  0    Dex: 15    Spells: 0 memorised, 8 levels left

rFire  . . .     SeeInvis .     w - +2 blowgun
rCold  . . .     Clarity  .     J - +2 ring mail {rPois}
rNeg   . . .     SustAt   .     (no shield)
rPois  +         Gourm    .     r - +0 helmet
rElec  .         Spirit   +     K - +2 cloak {rPois}
rCorr  .         Warding  .     P - +0 pair of gloves
rMut   .         Stasis   .     (no boots)
MR     .....                    z - amulet of rage
Stlth  ++........               (no ring)
                                h - ring of stealth

@: lethally poisoned (-1 -> -1), about to teleport, not resistant to hostile
enchantments, unstealthy
A: slimy green scales 2, spiny 1, magic shield
a: Evoke Berserk Rage


You were in a bailey.
You were hungry.

You visited 1 branch of the dungeon, and saw 7 of its levels.
You also visited: Bailey.

You collected 252 gold pieces.

Inventory:

Hand weapons
 a - the +9 flail of the Grave {freeze, Int+6}
   (You found it on level 6 of the Dungeon)

   It has been specially enchanted to freeze those struck by it, causing extra
   injury to most foes and up to half again as much damage against particularly
   susceptible opponents.
   It can also slow down cold-blooded creatures.
   It affects your intelligence (+6).
 s - a +2 short sword of electrocution
 w - a +2 blowgun (weapon)
Missiles
 i - 93 arrows
 o - 3 needles of slowing (quivered)
 p - 37 bolts
 x - 11 sling bullets of frost
 A - 31 poisoned needles
 I - 8 tomahawks
 T - 51 tomahawks of returning
Armour
 r - a +0 helmet (worn)
 J - a +2 ring mail of poison resistance (worn)
 K - a +2 cloak of poison resistance (worn)
 P - a +0 pair of gloves (worn)
Rods
 y - a +0 rod of ignition (14/14)
   (You found it on level 4 of the Dungeon)
Jewellery
 h - a ring of stealth (left hand)
 z - an amulet of rage (around neck)
 N - an uncursed ring of protection from magic {unknown}
Magical devices
 B - a wand of digging (15)
 F - a wand of confusion (29)
 H - a wand of random effects (21)
 M - a wand of fireball (8)
 O - a wand of flame (29)
 R - a wand of paralysis (4)
Scrolls
 c - 3 scrolls of teleportation
 G - 4 scrolls of remove curse
 L - a scroll of immolation
 S - a scroll of amnesia
Potions
 b - a potion of invisibility
 k - 3 potions of ambrosia
 l - 2 potions of lignification
 u - a potion of heal wounds {unknown}
 v - 2 potions of resistance
 C - 3 potions of cancellation
 D - a potion of flight {unknown}
 E - a potion of might
 U - a potion of magic {unknown}
Books
 m - a book of Minor Magic

   Spells                             Type                      Level
   a - Magic Dart                     Conjuration                  1
   b - Blink                          Translocation                2
   c - Call Imp                       Summoning                    2
   d - Repel Missiles                 Charms/Air                   2
   e - Slow                           Hexes                        2
   f - Conjure Flame                  Conjuration/Fire             3
   g - Mephitic Cloud                 Conjuration/Poison/Air       3
Comestibles
 f - 4 bread rations
 j - 6 fruits
 n - 3 beef jerkies
 q - 2 slices of pizza
 t - a meat ration
 Q - a chunk of flesh


   Skills:
 + Level 6.7 Fighting
 - Level 1.0 Throwing
 * Level 7.2 Armour
 + Level 5.6 Dodging
   Level 1.0 Shields
 - Level 1.7 Unarmed Combat
 + Level 4.8 Evocations


You had 8 spell levels left.
You didn't know any spells.

Dungeon Overview and Level Annotations

Branches:
Dungeon (7/15)             Temple (0/1) D:6

Altars:
Ashenzari
Cheibriados
Trog
Vehumet
Zin


Innate Abilities, Weirdness & Mutations

You are mostly covered in slimy green scales (AC +3).
You are partially covered in sharp spines.
When hurt, damage is shared between your health and your magic reserves.


Message History

You feel strangely unstable. The gnoll closely misses you.
The kobold throws a tomahawk of returning.
The tomahawk of returning closely misses you.
The weapon returns to the kobold!
The gnoll misses you.
The kobold throws a tomahawk of returning.
The tomahawk of returning closely misses you.
The weapon returns to the kobold!
The gnoll closely misses you.
There is an open door here.
You feel sick.
The orc knight sings a few bars from the Orcish anthem.
Firing (i - inventory. (,) - cycle):
o - 4 needles of slowing (quivered)
Press: ? - help, Shift-Dir - straight line, f/p - orc knight
Aim: an orc knight, wielding a great mace of venom and wearing a plate armour (heavily wounded)
You shoot a needle of slowing.
The needle of slowing hits the orc knight.
The orc knight resists.
The orc knight is heavily wounded.
The orc knight closely misses you.
The gnoll hits you from afar with a halberd of electrocution!
You die...

##* ### ##### ### ###
#.#*#.###†))###.###∩#
*#'##'##'###'##'##'##
*#...))## ##.(.†.##
###...g†#####g....###
#.'.g⌠..'.#@og.∩..†.#
###.K...#####K.†(.###
##.....#* *#.....##
##'##'##'#*#+##'##'##
#.###.#*#.#g#*#.###.#
#'# ### *###* ### ###
#.###.#*#.#.#**.#*#.*
##)##'##'#*#'##'##'#*
##(†...#* **..!..#*


You could see an orc knight, 2 gnolls and a kobold.

Vanquished Creatures
  The ghost of Uberwunderbarhen the Firebug, an experienced OpFE (D:7)
  Grinder (D:5)
  A centaur (D:7)
  2 giant frogs
  6 killer bees (D:6)
  A centaur zombie (D:5)
  A quasit (D:6)
  A crimson imp (D:5)
  A giant frog skeleton (D:5)
  A hound (D:6)
  A centaur skeleton (D:6)
  12 orc wizards
  Crazy Yiuf (D:3)
  3 orc priests
  Ijyb (D:3)
  2 gnoll shamans
  5 worker ants
  5 iguanas
  Robin (D:3)
  14 gnolls
  4 adders
  A shadow imp (D:5)
  An ooze (D:3)
  A worm (D:2)
  7 giant geckos
  26 orcs
  10 bats
  A bat zombie (D:5)
  5 giant cockroaches
  24 goblins
  23 hobgoblins
  5 jackals
  17 kobolds
  A ball python (D:3)
  3 giant newts
  A quokka skeleton (D:4)
  12 rats
  A fungus (D:3)
204 creatures vanquished.

Vanquished Creatures (others)
  A gnoll (D:7)
1 creature vanquished.

Grand Total: 205 creatures vanquished

Notes
Turn   | Place    | Note
--------------------------------------------------------------
     0 | D:1      | Chiseanne the Demonspawn Wanderer began the quest for the Orb.
     0 | D:1      | Chiseanne set off with: 2 curare-tipped needles, a +2 blowgun, a scroll of teleportation, a potion of curing, a +0 robe, a bread ration
     0 | D:1      | Reached XP level 1. HP: 18/18 MP: 1/1
   347 | D:1      | Gained mutation: You are partially covered in sharp spines. [demonic ancestry]
   347 | D:1      | Reached XP level 2. HP: 16/24 MP: 2/2
  1584 | D:2      | Reached XP level 3. HP: 29/29 MP: 3/3
  1805 | D:2      | Found a snail-covered altar of Cheibriados.
  1808 | D:2      | Found a bloodstained altar of Trog.
  1817 | D:2      | Found a shattered altar of Ashenzari.
  2424 | D:3      | Noticed Robin
  2439 | D:3      | Killed Robin
  2440 | D:3      | Reached XP level 4. HP: 33/37 MP: 4/4
  2672 | D:3      | Reached skill level 4 in Fighting
  2954 | D:3      | Noticed Ijyb
  2963 | D:3      | Killed Ijyb
  2963 | D:3      | Reached XP level 5. HP: 36/42 MP: 5/5
  3150 | D:3      | Noticed Crazy Yiuf
  3159 | D:3      | Killed Crazy Yiuf
  3814 | D:4      | Identified a +0 rod of ignition (14/14) (You found it on level 4 of the Dungeon)
  3866 | D:4      | Reached XP level 6. HP: 36/49 MP: 6/6
  4201 | D:5      | Entered Level 5 of the Dungeon
  4406 | D:5      | Reached skill level 1 in Evocations
  4669 | D:5      | Identified a scroll of acquirement
  4772 | D:5      | Noticed Grinder
  4789 | D:5      | Killed Grinder
  4789 | D:5      | Gained mutation: You are partially covered in slimy green scales (AC +2). [demonic ancestry]
  4789 | D:5      | Reached XP level 7. HP: 48/55 MP: 8/8
  4822 | D:5      | Reached skill level 5 in Fighting
  5119 | D:5      | Reached skill level 5 in Armour
  5359 | D:6      | Got a shimmering flail
  5360 | D:6      | Identified the +9 flail of the Grave {freeze, Int+6} (You found it on level 6 of the Dungeon)
  5392 | D:6      | Found a glowing silver altar of Zin.
  5488 | D:6      | Gained mutation: When hurt, damage is shared between your health and your magic reserves. [demonic ancestry]
  5488 | D:6      | Reached XP level 8. HP: 38/63 MP: 8/10
  5918 | D:6      | Found a staircase to the Ecumenical Temple.
  5972 | D:6      | Reached skill level 6 in Armour
  6293 | D:6      | Reached skill level 5 in Dodging
  6666 | D:7      | Noticed Uberwunderbarhen's ghost (experienced OpFE)
  6678 | D:7      | Killed Uberwunderbarhen's ghost
  6678 | D:7      | Reached skill level 7 in Armour
  6678 | D:7      | Gained mutation: You are mostly covered in slimy green scales (AC +3). [demonic ancestry]
  6678 | D:7      | Reached XP level 9. HP: 48/71 MP: 4/12
  6953 | D:7      | Found a glowing silver altar of Zin.
  6971 | D:7      | Found a radiant altar of Vehumet.
  7146 | D:7      | Found a flagged portal.
  7155 | Bailey   | Entered a bailey
  7288 | Bailey   | Noticed an orc knight
  7310 | Bailey   | HP: 1/71 [orc knight/great mace of venom (10)]
  7351 | Bailey   | Slain by a gnoll

Vault maps used:
D:1:      sevenhm_arrival_forest_fort_small_5, hex_tiny
D:2:      grunt_temple_overflow_diamond, first_bread
D:3:      uniq_crazy_yiuf_cottage, uniq_iyjb, uniq_robin
D:5:      grunt_ministairs_13, wad_floor_pattern_2, st_stairs_12, uniq_grinder
D:6:      minmay_temple_entry_statues, basic_altar
D:7:      vehumet_altar_wand_db, enter_bailey_2, basic_altar, grunt_livestock
Bailey:   bailey_axe_2, bailey

Action                   |  1- 3 |  4- 6 |  7- 9 || total
-------------------------+-------+-------+-------++-------
Melee: Short sword       |    71 |   110 |    21 ||   202
       Dagger            |     7 |       |       ||     7
       Quarterstaff      |       |    23 |       ||    23
       Flail             |       |       |   115 ||   115
 Fire: Blowgun           |       |       |     6 ||     6
Evoke: Wand              |       |     4 |       ||     4
  Use: Scroll            |     5 |     7 |     7 ||    19
       Potion            |       |     1 |     9 ||    10
 Stab: Sleeping          |     1 |     1 |       ||     2
       Invisible         |       |       |     1 ||     1
  Eat: Chunk             |     4 |     8 |     8 ||    20
